Map: Rifts to Korhal

Players

sTkmonk

  • Race: Terran Terran
  • Spawn Location: 7:00

monk

  • Race: Zerg Zerg

VOD

Have the link to the VOD?

Description

Time

  • Played on: Aug. 7, 2017, 3:57 p.m.
  • Length: 20:07
Show
View Real Time Build Order
Export as new Build Order

sTkmonk Terran 

Build Orders:  

Get SALT Encoding   

Show
View Real Time Build Order
Export as new Build Order

monk Zerg 

Build Orders:  

Get SALT Encoding   

  12  0:11  Infested SCV x2  
  14  0:22  Infested SCV  
  15  0:42  Overlord  
  15  0:53  Infested Refinery  
  15  1:00  Infested Barracks  
  15  1:07  Infested SCV x2  
  17  1:16  Infested Colonist Compound, Infested SCV  
  18  1:22  Infested SCV  
  18  1:24  Infested Colonist Compound  
  19  1:44  Overlord  
  19  2:02  Infested Bunker  
  23  2:10  Infested Barracks  
  23  2:15  Infested SCV  
  23  2:19  Anaerobic Enhancement  
  24  2:25  Infested SCV  
  25  3:08  Infested Command Center  
  25  3:20  Infested SCV  
  25  3:23  Infested Refinery  
  26  3:59  Infestation Level 1  
  26  4:04  Infested SCV  
  27  4:11  Infested SCV  
  27  4:15  Infested SCV  
  29  4:31  Infested Engineering Bay  
  29  4:42  Infested SCV x2  
  31  4:57  Infested Command Center  
  31  5:01  Infested SCV  
  31  5:02  Infested SCV  
  31  5:03  Infested SCV  
  34  5:11  Infested Factory  
  34  5:12  Infested SCV x2  
  36  5:20  Infested SCV  
  36  5:21  Infested SCV  
  36  5:28  Stukov Infantry Weapons Level 1  
  38  5:38  Infested Bunker  
  38  5:48  Infested SCV  
  39  5:53  Infested SCV x3  
  39  5:56  Infested SCV  
  39  5:59  Broodling Gestation  
  43  6:13  Infested Starport  
  43  6:18  Infested SCV  
  43  6:19  Infested Armory  
  44  6:27  Overlord  
  44  6:32  Infested Engineering Bay  
  44  6:42  Infested SCV x2  
  44  6:44  Overlord  
  46  6:50  Infested Barracks Tech Lab  
  46  7:07  Infested SCV  
  47  7:11  Overseer  
  47  7:20  Pneumatized Carapace  
  47  7:29  Infestation Level 2  
  51  7:46  Aggressive Incubation  
  51  7:56  Infested SCV x2  
  51  7:58  Infested Bunker  
  57  8:14  Infested Bunker  
  57  8:20  Infested Bunker  
  57  8:37  Infested Bunker  
  61  8:54  Overlord  
  61  8:55  Overlord x2, Stukov Infantry Weapons Level 2  
  61  8:59  Infested Bunker, Calcified Armor  
  61  9:04  Overlord x2  
  61  9:21  Overlord x2  
  61  9:33  Infested Bunker  
  61  9:35  Infested Bunker  
  69  9:46  Infestation Level 3  
  69  10:15  Infested Bunker  
  69  10:17  Plagued Munitions  
  73  10:32  Infested Bunker  
  77  10:46  Regenerative Plating  
  77  10:59  Infested Bunker  
  81  11:12  Infested Bunker  
  81  11:13  Infested Bunker  
  81  11:17  Infested Bunker  
  81  11:19  Infested Bunker  
  81  11:20  Infested Bunker  
  89  11:30  Infested Bunker  
  89  11:31  Infested Bunker  
  89  11:41  Infested Bunker  
  89  11:47  Retinal Augmentation  
  85  12:18  Infested Bunker  
  85  12:29  Infested Bunker x2, Infested SCV  
  98  12:30  Infested Bunker  
  102  12:50  Stukov Infantry Weapons Level 3  
  102  12:52  Stukov Infantry Armor Level 1  
  102  13:00  Infested Bunker  
  102  13:16  Infested Bunker  
  102  13:19  Infested Bunker x2  
  110  13:21  Infested Bunker  
  110  13:27  Overlord  
  114  13:30  Overlord  
  114  13:51  Infested Bunker  
  118  14:24  Infested Barracks  
  118  14:26  Infested Barracks  
  118  14:29  Infested Barracks  
  118  14:33  Infested Barracks  
  118  14:47  Infested Bunker  
  118  14:49  Overlord x3  
  122  15:18  Infested Bunker  
  118  15:28  Infested Bunker  
  118  15:35  Infested Bunker  
  118  15:37  Infested Bunker  
  126  15:51  Stukov Infantry Armor Level 2  
  134  16:11  Infested Bunker x2  
  134  17:06  Infested Bunker  
  134  17:51  Infested Colonist Compound  
  134  18:06  Infested Barracks  
  134  18:07  Infested Barracks  
  134  18:12  Infested Barracks  
  134  18:27  Infested Barracks  
  134  18:31  Infested Barracks  
  134  18:33  Infested Barracks  
  134  18:34  Infested Barracks  
  134  18:40  Infested Marine  
  134  18:41  Infested Marine x18  
  134  18:42  Infested Marine x5  
  158  18:56  Overlord  
  158  18:57  Overlord x3  
  158  18:59  Overlord  
  158  19:00  Overlord x3  
  158  19:15  Overlord  
  158  19:16  Overlord x3  
  158  19:22  Infested Marine x11  
  158  19:23  Infested Marine x13  
  158  19:24  Infested Marine  
  158  19:25  Infested Marine x8  
  158  19:26  Infested Marine x8  
  158  19:27  Infested Marine  
Tags
 
Add a new tag
Caveats
  • Supply blocks, unpowered buildings, or Contaminate may cause inaccurate times.
  • Supply counts are checked every 10 seconds.